TOP OF THE 1ST |
Mexico City Cerveceros batting - Pitching for Vancouver Vipers : RHP Don Barnes
|
Pitching: RHP Don Barnes
|
|
Batting: SHB George Adams
|
0-0: Ball 1-0: Called Strike 1-1: SINGLE (Groundball, 4MD)
|
Batting: RHB Murai Ishihara
|
0-0: Ball 1-0: Ball 2-0: Grounds into double play, 6-4-3 (Groundball, 6)
|
Batting: RHB Randy Sheppard
|
0-0: Called Strike 0-1: Swinging Strike 0-2: Strikes out looking
|
Top of the 1st over - 0 run(s), 1 hit(s), 0 error(s), 0 left on base; Mexico City 0 - Vancouver 0 |
BOTTOM OF THE 1ST |
Vancouver Vipers batting - Pitching for Mexico City Cerveceros : RHP Darryl Carter
|
Pitching: RHP Darryl Carter
|
|
Batting: RHB Víctor Arredondo
|
0-0: Ball 1-0: Fly out, F8 (Flyball, 8LD)
|
Batting: LHB Marcos Cantú
|
0-0: Swinging Strike 0-1: Foul Ball, location: 2F 0-2: Foul Ball, location: 2F 0-2: Foul Ball, location: 2F 0-2: Ground out 4-3 (Groundball, 4)
|
Batting: LHB Mike Williams
|
0-0: Ball 1-0: Foul Ball, location: 2F 1-1: Fly out, F8 (Flyball, 8LS)
|
Bottom of the 1st over - 0 run(s), 0 hit(s), 0 error(s), 0 left on base; Mexico City 0 - Vancouver 0 |
TOP OF THE 2ND |
Mexico City Cerveceros batting - Pitching for Vancouver Vipers : RHP Don Barnes
|
Batting: LHB Eduardo Gómez
|
0-0: Swinging Strike 0-1: Ball 1-1: Called Strike 1-2: Ball 2-2: Ball 3-2: Strikes out swinging
|
Batting: RHB Robinson Pacheco
|
0-0: Called Strike 0-1: Ball 1-1: Foul Ball, location: 2F 1-2: Strikes out swinging
|
Batting: LHB John Nicholson
|
0-0: Called Strike 0-1: Ball 1-1: Swinging Strike 1-2: Ball 2-2: Strikes out swinging
|
Top of the 2nd over - 0 run(s), 0 hit(s), 0 error(s), 0 left on base; Mexico City 0 - Vancouver 0 |
BOTTOM OF THE 2ND |
Vancouver Vipers batting - Pitching for Mexico City Cerveceros : RHP Darryl Carter
|
Batting: LHB Nick English
|
0-0: Ball 1-0: Fly out, F4 (Line Drive, 4)
|
Batting: LHB Gene Cooper
|
0-0: Ball 1-0: Swinging Strike 1-1: Foul Ball, location: 2F 1-2: Ball 2-2: Ball 3-2: Fly out, F3 (Popup, 3D)
|
Batting: RHB Marvin Workman
|
0-0: Ball 1-0: Foul Ball, location: 2F 1-1: Ball 2-1: Ground out 5-3 (Groundball, 56S)
|
Bottom of the 2nd over - 0 run(s), 0 hit(s), 0 error(s), 0 left on base; Mexico City 0 - Vancouver 0 |
TOP OF THE 3RD |
Mexico City Cerveceros batting - Pitching for Vancouver Vipers : RHP Don Barnes
|
Batting: RHB Robert Johnson
|
0-0: Foul Ball, location: 2F 0-1: Ball 1-1: Fly out, F8 (Flyball, 8RD)
|
Batting: LHB Don Soper
|
0-0: Ball 1-0: SINGLE (Groundball, 3S) (infield hit)
|
Batting: RHB Lee Price
|
0-0: Ball 1-0: Ball 2-0: Called Strike 2-1: Ball 3-1: SINGLE (Groundball, 6MD) Don Soper to second Runner from 2nd tries for 3rd, SAFE, no throw
|
Batting: SHB George Adams
|
0-0: Called Strike Lee Price steals 2nd base 0-1: Swinging Strike 0-2: Strikes out swinging
|
Batting: RHB Murai Ishihara
|
0-0: Called Strike 0-1: Swinging Strike 0-2: Ball 1-2: Fly out, F7 (Flyball, 7)
|
Top of the 3rd over - 0 run(s), 2 hit(s), 0 error(s), 2 left on base; Mexico City 0 - Vancouver 0 |
BOTTOM OF THE 3RD |
Vancouver Vipers batting - Pitching for Mexico City Cerveceros : RHP Darryl Carter
|
Batting: RHB Ryan Parrish
|
0-0: Fly out, F8 (Line Drive, 8RM)
|
Batting: LHB Brian Ford
|
0-0: Ball 1-0: Ground out 6-3 (Groundball, 6)
|
Batting: RHB David Canseco
|
0-0: Ball 1-0: Ground out 5-3 (Groundball, 5L)
|
Bottom of the 3rd over - 0 run(s), 0 hit(s), 0 error(s), 0 left on base; Mexico City 0 - Vancouver 0 |
TOP OF THE 4TH |
Mexico City Cerveceros batting - Pitching for Vancouver Vipers : RHP Don Barnes
|
Batting: RHB Randy Sheppard
|
0-0: Ball 1-0: Ball 2-0: Called Strike 2-1: Ball 3-1: Base on Balls
|
Batting: LHB Eduardo Gómez
|
0-0: Ball 1-0: Ball 2-0: Ball 3-0: Swinging Strike 3-1: Foul Ball, location: 2F 3-2: Base on Balls Randy Sheppard to second
|
Batting: RHB Robinson Pacheco
|
0-0: Called Strike 0-1: Ball 1-1: Ball 2-1: Fly out, F7 (Line Drive, 7)
|
Batting: LHB John Nicholson
|
0-0: Ball 1-0: Foul Ball, location: 2F 1-1: Ball 2-1: Foul Ball, location: 2F 2-2: Ball 3-2: SINGLE (Groundball, 6MS) (infield hit) Randy Sheppard to third Eduardo Gómez to second
|
Batting: RHB Robert Johnson
|
0-0: Called Strike 0-1: Ball 1-1: Ball 2-1: Foul Ball, location: 2F 2-2: Strikes out swinging
|
Batting: LHB Don Soper
|
0-0: Ball 1-0: Foul Ball, location: 2F 1-1: Ball 2-1: Ball 3-1: Foul Ball, location: 2F 3-2: Ground out U3 (Groundball, 34S)
|
Top of the 4th over - 0 run(s), 1 hit(s), 0 error(s), 3 left on base; Mexico City 0 - Vancouver 0 |
BOTTOM OF THE 4TH |
Vancouver Vipers batting - Pitching for Mexico City Cerveceros : RHP Darryl Carter
|
Batting: RHB Víctor Arredondo
|
0-0: Fly out, F7 (Flyball, 78S)
|
Batting: LHB Marcos Cantú
|
0-0: Ball 1-0: Called Strike 1-1: Foul Ball, location: 2F 1-2: Foul Ball, location: 2F 1-2: Foul Ball, location: 2F 1-2: Reached on error, E3 (Groundball, 34)
|
Batting: LHB Mike Williams
|
0-0: Ball 1-0: Ball 2-0: 2-RUN HOME RUN (Flyball, 8RXD), Distance : 434 ft
|
Batting: LHB Nick English
|
0-0: Ball 1-0: Ball 2-0: Ground out U3 (Groundball, 3L)
|
Batting: LHB Gene Cooper
|
0-0: Ball 1-0: Swinging Strike 1-1: Foul Ball, location: 2F 1-2: Ball 2-2: Foul Ball, location: 2F 2-2: Ball 3-2: Base on Balls
|
Batting: RHB Marvin Workman
|
0-0: Called Strike 0-1: Ball 1-1: Foul Ball, location: 2F 1-2: DOUBLE (Line Drive, 7) Gene Cooper to third
|
Batting: RHB Ryan Parrish
|
0-0: Ball 1-0: Ball 2-0: Ball 3-0: Foul Ball, location: 2F 3-1: Foul Ball, location: 2F 3-2: Base on Balls
|
Batting: LHB Brian Ford
|
0-0: Fly out, F9 (Line Drive, 9)
|
Bottom of the 4th over - 2 run(s), 2 hit(s), 1 error(s), 3 left on base; Mexico City 0 - Vancouver 2 |
TOP OF THE 5TH |
Mexico City Cerveceros batting - Pitching for Vancouver Vipers : RHP Don Barnes
|
Batting: RHB Lee Price
|
0-0: Ball 1-0: Swinging Strike 1-1: Swinging Strike 1-2: SINGLE (Flyball, 8LS)
|
Batting: SHB George Adams
|
0-0: Foul Ball, location: 2F 0-1: Ball 1-1: Foul Ball, location: 2F 1-2: Ball 2-2: Ground out 4-3 (Groundball, 34) Lee Price to second
|
Batting: RHB Murai Ishihara
|
0-0: SINGLE (Groundball, 6S) (infield hit) Lee Price to third
|
Batting: RHB Randy Sheppard
|
0-0: Called Strike 0-1: Ball 1-1: Foul Ball, location: 2F 1-2: Ball 2-2: Ball 3-2: Foul Ball, location: 2F 3-2: Foul Ball, location: 2F 3-2: Foul Ball, location: 2F 3-2: Foul Ball, location: 2F 3-2: 3-RUN HOME RUN (Flyball, 78XD), Distance : 401 ft
|
Batting: LHB Eduardo Gómez
|
0-0: Ball 1-0: Called Strike 1-1: Foul Ball, location: 2F 1-2: Strikes out looking
|
Batting: RHB Robinson Pacheco
|
0-0: Ball 1-0: Called Strike 1-1: Ball 2-1: DOUBLE (Groundball, 5L)
|
Pitching: RHP José González
|
|
Batting: LHB John Nicholson
|
0-0: Ball 1-0: Ball 2-0: SINGLE (Groundball, 56D) Robinson Pacheco to third Runner from 3rd tries for Home, SAFE, no throw
|
Batting: RHB Robert Johnson
|
0-0: Called Strike 0-1: Foul Ball, location: 2F 0-2: Ball John Nicholson steals 2nd base 1-2: DOUBLE (Groundball, 5L) John Nicholson scores
|
Batting: LHB Don Soper
|
0-0: SINGLE (Line Drive, 6) Robert Johnson to third Runner from 3rd tries for Home, throw and OUT!
|
Top of the 5th over - 5 run(s), 7 hit(s), 0 error(s), 1 left on base; Mexico City 5 - Vancouver 2 |
BOTTOM OF THE 5TH |
Vancouver Vipers batting - Pitching for Mexico City Cerveceros : RHP Darryl Carter
|
Batting: RHB David Canseco
|
0-0: Ball 1-0: Called Strike 1-1: Ball 2-1: SINGLE (Line Drive, 34D)
|
Batting: RHB Víctor Arredondo
|
0-0: Ball 1-0: Ball 2-0: Ball 3-0: Base on Balls David Canseco to second
|
Batting: LHB Marcos Cantú
|
0-0: Ball 1-0: Ball 2-0: Ball 3-0: Base on Balls David Canseco to third Víctor Arredondo to second
|
Batting: LHB Mike Williams
|
0-0: Called Strike 0-1: Ball 1-1: Ball 2-1: Called Strike 2-2: DOUBLE (Line Drive, 8LD) David Canseco scores Víctor Arredondo scores Marcos Cantú to third
|
Batting: LHB Nick English
|
0-0: Ball 1-0: Ball 2-0: Called Strike 2-1: Ball 3-1: Base on Balls
|
Batting: LHB Gene Cooper
|
0-0: Called Strike 0-1: Ball 1-1: Ball 2-1: Called Strike 2-2: Foul Ball, location: 2F 2-2: Strikes out looking
|
Batting: RHB Marvin Workman
|
0-0: Ball 1-0: Swinging Strike 1-1: Fly out, F9 (Flyball, 9LSF) Runner from 3rd tags up, SCORES, no throw
|
Pitching: LHP Daniel Draper
|
|
Batting: RHB Ryan Parrish
|
0-0: Ball 1-0: Ball 2-0: Ball 3-0: Base on Balls Mike Williams to third Nick English to second
|
Batting: LHB Brian Ford
|
0-0: Swinging Strike 0-1: Ball 1-1: Swinging Strike 1-2: Fly out, F7 (Flyball, 7LM)
|
Bottom of the 5th over - 3 run(s), 2 hit(s), 0 error(s), 3 left on base; Mexico City 5 - Vancouver 5 |
TOP OF THE 6TH |
Mexico City Cerveceros batting - Pitching for Vancouver Vipers : RHP José González
|
Batting: RHB Lee Price
|
0-0: Ball 1-0: Foul Ball, location: 2F 1-1: SINGLE (Groundball, 56) (infield hit)
|
Batting: SHB George Adams
|
0-0: Ball 1-0: TRIPLE (Flyball, 78XD) Lee Price scores
|
Pitching: LHP Cliff Williams
|
|
Batting: RHB Murai Ishihara
|
0-0: Fly out, F9 (Flyball, 9) Runner from 3rd tags up, SCORES, no throw
|
Batting: RHB Randy Sheppard
|
0-0: Ball 1-0: Called Strike 1-1: Called Strike 1-2: Foul Ball, location: 2F 1-2: Foul Ball, location: 2F 1-2: Ground out 5-3 (Groundball, 56)
|
Batting: LHB Eduardo Gómez
|
0-0: Ball 1-0: Swinging Strike 1-1: Foul Ball, location: 2F 1-2: Ball 2-2: Ground out 4-3 (Groundball, 4)
|
Top of the 6th over - 2 run(s), 2 hit(s), 0 error(s), 0 left on base; Mexico City 7 - Vancouver 5 |
BOTTOM OF THE 6TH |
Vancouver Vipers batting - Pitching for Mexico City Cerveceros : LHP Daniel Draper
|
Batting: RHB David Canseco
|
0-0: Foul Ball, location: 2F 0-1: Ball 1-1: Fly out, F5 (Line Drive, 5)
|
Batting: RHB Víctor Arredondo
|
0-0: Fly out, F5 (Popup, 5L)
|
Batting: LHB Marcos Cantú
|
0-0: Called Strike 0-1: Called Strike 0-2: DOUBLE (Flyball, 7LD)
|
Batting: LHB Mike Williams
|
0-0: Ball 1-0: Ball 2-0: Foul Ball, location: 2F 2-1: Ball 3-1: Base on Balls
|
Batting: LHB Nick English
|
0-0: Ball 1-0: Swinging Strike 1-1: Foul Ball, location: 2F 1-2: Foul Ball, location: 2F 1-2: Fly out, F8 (Flyball, 8RD)
|
Bottom of the 6th over - 0 run(s), 1 hit(s), 0 error(s), 2 left on base; Mexico City 7 - Vancouver 5 |
TOP OF THE 7TH |
Mexico City Cerveceros batting - Pitching for Vancouver Vipers : LHP Cliff Williams
|
Batting: RHB Robinson Pacheco
|
0-0: Called Strike 0-1: Ball 1-1: Foul Ball, location: 2F 1-2: Ball 2-2: Ground out 1-3 (Groundball, P)
|
Batting: LHB John Nicholson
|
0-0: Called Strike 0-1: Ball 1-1: Swinging Strike 1-2: SINGLE (Groundball, 4MD)
|
Batting: RHB Robert Johnson
|
0-0: Ball 1-0: 2-RUN HOME RUN (Flyball, 8LXD), Distance : 437 ft
|
Pitching: RHP Bob Martin
|
|
Batting: LHB Don Soper
|
0-0: Foul Ball, location: 2F 0-1: Swinging Strike 0-2: Ground out 3-1 (Groundball, 34)
|
Batting: RHB Lee Price
|
0-0: Ball 1-0: Ball 2-0: Foul Ball, location: 2F 2-1: Foul Ball, location: 2F 2-2: Strikes out swinging
|
Top of the 7th over - 2 run(s), 2 hit(s), 0 error(s), 0 left on base; Mexico City 9 - Vancouver 5 |
BOTTOM OF THE 7TH |
Vancouver Vipers batting - Pitching for Mexico City Cerveceros : LHP Daniel Draper
|
Batting: LHB Gene Cooper
|
0-0: Ball 1-0: Called Strike 1-1: Foul Ball, location: 2F 1-2: Ball 2-2: DOUBLE (Line Drive, 78XD)
|
Batting: RHB Marvin Workman
|
0-0: Called Strike 0-1: Ball 1-1: Called Strike 1-2: Foul Ball, location: 2F 1-2: 2-RUN HOME RUN (Line Drive, 7LD), Distance : 379 ft
|
Pitching: LHP Rubén Rico
|
|
Batting: RHB Ryan Parrish
|
0-0: Ball 1-0: Foul Ball, location: 2F 1-1: Fly out, F7 (Flyball, 78D)
|
Batting: LHB Brian Ford
|
0-0: Ball 1-0: Called Strike 1-1: Called Strike 1-2: Foul Ball, location: 2F 1-2: Strikes out swinging
|
Batting: RHB David Canseco
|
0-0: Called Strike 0-1: Ball 1-1: Ball 2-1: Foul Ball, location: 2F 2-2: Ball 3-2: Strikes out swinging
|
Bottom of the 7th over - 2 run(s), 2 hit(s), 0 error(s), 0 left on base; Mexico City 9 - Vancouver 7 |
TOP OF THE 8TH |
Mexico City Cerveceros batting - Pitching for Vancouver Vipers : RHP Bob Martin
|
Batting: SHB George Adams
|
0-0: Ball 1-0: Called Strike 1-1: Ball 2-1: Ball 3-1: Ground out 4-3 (Groundball, 4)
|
Batting: RHB Murai Ishihara
|
0-0: Ball 1-0: Called Strike 1-1: Ground out 4-3 (Groundball, 4)
|
Batting: RHB Randy Sheppard
|
0-0: Ball 1-0: Foul Ball, location: 2F 1-1: Ball 2-1: Called Strike 2-2: Ball 3-2: Base on Balls
|
Batting: LHB Eduardo Gómez
|
0-0: Ball 1-0: Swinging Strike 1-1: Ball 2-1: Called Strike 2-2: DOUBLE (Line Drive, 89XD) Randy Sheppard to third Runner from 3rd tries for Home, SAFE, no throw
|
Batting: RHB Robinson Pacheco
|
0-0: Ball 1-0: Called Strike 1-1: Ball 2-1: Foul Ball, location: 2F 2-2: Ball 3-2: Ground out 1-3 (Groundball, 15S)
|
Top of the 8th over - 1 run(s), 1 hit(s), 0 error(s), 1 left on base; Mexico City 10 - Vancouver 7 |
BOTTOM OF THE 8TH |
Vancouver Vipers batting - Pitching for Mexico City Cerveceros : LHP Rubén Rico
|
Now at 3B: Claudio Souza
|
|
Batting: RHB Víctor Arredondo
|
0-0: Swinging Strike 0-1: Ball 1-1: SINGLE (Line Drive, 78S)
|
Batting: LHB Marcos Cantú
|
0-0: Swinging Strike 0-1: Swinging Strike 0-2: Ball 1-2: Fly out, F7 (Flyball, 7D)
|
Batting: LHB Mike Williams
|
0-0: Called Strike 0-1: Ball Wild Pitch! Víctor Arredondo to second 1-1: Foul Ball, location: 2F 1-2: Strikes out looking
|
Batting: LHB Nick English
|
0-0: Called Strike 0-1: Called Strike 0-2: Ball 1-2: Strikes out swinging
|
Bottom of the 8th over - 0 run(s), 1 hit(s), 0 error(s), 1 left on base; Mexico City 10 - Vancouver 7 |
TOP OF THE 9TH |
Mexico City Cerveceros batting - Pitching for Vancouver Vipers : RHP Bob Martin
|
Batting: LHB John Nicholson
|
0-0: Ball 1-0: Called Strike 1-1: Ball 2-1: Fly out, F6 (Popup, 6D)
|
Batting: RHB Robert Johnson
|
0-0: Ball 1-0: Ball 2-0: Ball 3-0: Called Strike 3-1: Foul Ball, location: 2F 3-2: Ground out 6-3 (Groundball, 6)
|
Batting: LHB Don Soper
|
0-0: Reached on error, E3 (Groundball, 3)
|
Batting: RHB Lee Price
|
0-0: Called Strike 0-1: Called Strike 0-2: Foul Ball, location: 2F 0-2: Strikes out swinging
|
Top of the 9th over - 0 run(s), 0 hit(s), 1 error(s), 1 left on base; Mexico City 10 - Vancouver 7 |
BOTTOM OF THE 9TH |
Vancouver Vipers batting - Pitching for Mexico City Cerveceros : LHP Rubén Rico
|
Pitching: RHP Gil Dickson
|
|
Batting: LHB Gene Cooper
|
0-0: Ball 1-0: Swinging Strike 1-1: Ball 2-1: Called Strike 2-2: Foul Ball, location: 2F 2-2: DOUBLE (Flyball, 8LD)
|
Batting: RHB Marvin Workman
|
0-0: Ball 1-0: Ball 2-0: Foul Ball, location: 2F 2-1: Foul Ball, location: 2F 2-2: Ball 3-2: Foul Ball, location: 2F 3-2: Base on Balls
|
Pinch Hitting: LHB Benny Richard
|
0-0: Called Strike 0-1: Swinging Strike 0-2: Ball 1-2: Ball 2-2: Ball 3-2: Base on Balls Gene Cooper to third Marvin Workman to second
|
Batting: LHB Brian Ford
|
0-0: Ball 1-0: Called Strike 1-1: Ball 2-1: Fly out, F8 (Line Drive, 8RM) Runner from 3rd tags up, SCORES, throw made
|
Pinch Runner at 2nd Salvador Medine:
|
|
Pinch Hitting: RHB Sergio Pujols
|
0-0: Ball 1-0: Ball 2-0: Ball 3-0: Called Strike 3-1: Fly out, F1 (Line Drive, 13)
|
Batting: RHB Víctor Arredondo
|
0-0: Called Strike 0-1: Called Strike 0-2: Foul Ball, location: 2F 0-2: Ball 1-2: Ground out 5-3 (Groundball, 56S)
|
Bottom of the 9th over - 1 run(s), 1 hit(s), 0 error(s), 2 left on base; Mexico City 10 - Vancouver 8 |
|